 Dungeon Crawl Stone Soup version 0.29.0-4-gdea44cf6ec (webtiles) character file.

Game seed: 10446869349763787447

74 qw the Chopper (level 4, -2/26 HPs)
             Began as a Tengu Warper on Aug 28, 2022.
             Slain by Sigmund
             ... wielding a +0 scythe
              (3 damage)
             ... on level 2 of the Dungeon.
             The game lasted 00:00:08 (1364 turns).

qw the Chopper (Tengu Warper)                       Turns: 1364, Time: 00:00:08

Health: -2/26      AC:  3    Str: 19    XL:     4   Next: 28%
Magic:  8/8        EV: 12    Int: 14    God:
Gold:   96         SH:  0    Dex: 13    Spells: 7/7 levels left

rFire   . . .      SeeInvis .   Y - +0 hand axe
rCold   . . .      Faith    .   (no shield)
rNeg    . . .      Spirit   .   b - +0 leather armour
rPois   .          Reflect  .   (helmet restricted)
rElec   .          Harm     .   (no cloak)
rCorr   .          Rampage  .   (no gloves)
Will    .....                   (boots unavailable)
Stlth   +.........              (no amulet)
HPRegen 0.08/turn               g - +6 ring of strength
MPRegen 0.11/turn               (no ring)

@: no status effects
A: beak, talons 3
a: no special abilities


You were on level 2 of the Dungeon.
You visited 1 branch of the dungeon, and saw 2 of its levels.

You collected 96 gold pieces.


Innate Abilities, Weirdness & Mutations

You have a beak for a mouth.
You have claws for feet.


   Skills:
 - Level 2.0 Fighting
 + Level 4.9 Axes
 - Level 1.0 Throwing
 - Level 1.1 Armour
 - Level 2.1 Dodging
 - Level 2.0 Spellcasting
 - Level 2.4 Translocations


You had 7 spell levels left.
You didn't know any spells.
Your spell library contained the following spells:

 Spells                   Type           Power      Damage    Failure   Level
 Blink                    Tloc           16%        N/A       16%         2
 Gell's Gravitas          Tloc           8%         N/A       32%         3
 Lesser Beckoning         Tloc           8%         N/A       32%         3
 Teleport Other           Tloc           8%         N/A       32%         3
 Manifold Assault         Tloc           8%         N/A       96%         5

Inventory:

Hand Weapons
 e - a +0 club
 Y - a +0 hand axe (weapon)
Missiles
 d - 8 boomerangs of dispersal
 h - 4 javelins (quivered)
Armour
 a - a +0 ring mail
 b - a +0 leather armour (worn)
Jewellery
 g - a +6 ring of strength (left hand)
Scrolls
 c - a scroll of enchant weapon {unknown}
Potions
 j - a potion of curing {unknown}

Dungeon Overview and Level Annotations

Branches:
Dungeon (2/15)

Altars:

Annotations:
D:2 Sigmund


Message History

Sigmund is moderately wounded.
Sigmund hits you but does no damage.
You barely miss Sigmund.
Sigmund is moderately wounded.
Sigmund points at you and mumbles some strange words.
You are confused.
You bump into the rock wall.
Sigmund barely misses you.
You bump into the rock wall.
You bump into the rock wall.
Sigmund closely misses you.
You bump into the rock wall.
Sigmund misses you.
You miss Sigmund. You claw Sigmund.
Sigmund is moderately wounded.
Sigmund says, "I'm your fate."
Sigmund mumbles some strange words.
Sigmund flickers and vanishes!
Deactivating autopickup; reactivate with Ctrl-A.
You're too confused to attack without stumbling around!
There is a strange disturbance nearby!
You hear some strange, mumbled words.
A puff of flame appears from out of thin air!
The puff of flame hits you!
You're too confused to attack without stumbling around!
There is a strange disturbance nearby!
You feel less confused. Something hits you.
You hit something but do no damage. Your kick misses something.
You miss something. Your kick misses something. Your peck misses something.
Something hits you!
You closely miss something. You claw something. Your peck misses something.
Something hits you but does no damage.
You hit something. Your kick misses something. You hit something.
Your peck misses something. Something hits you.
You closely miss something. You hit something. Your kick misses something.
Something hits you.
You die...

...# ### ...+ ..# ...#####.####
###........ ...+ .......
.......... ...# ###..######
#......... ...# #.........#
#......... ...# #.....%...#
#.......).
...###.........#########.........
...............'@{......>........
######.........#########..<......
+ ...######.#... #......... #
###. #...####### #.........
#####+### #.............#.......
##......####+#..)........#.......
..........#..............#.......
..........#..........#+#.#.......
..........#..........#.#.#.......


There were no monsters in sight!

Vanquished Creatures
  2 adders (D:2)
  3 dart slugs
  2 ball pythons (D:1)
  6 endoplasms (D:1)
  2 giant cockroaches
  7 goblins
  7 hobgoblins (D:1)
  3 jackals (D:1)
  3 quokkas
  2 bats
  3 frilled lizards
  3 rats
43 creatures vanquished.

Notes
Turn   | Place    | Note
-------+----------+-------------------------------------------
     0 | D:1      | qw the Tengu Warper began the quest for the Orb.
     0 | D:1      | Reached XP level 1. HP: 12/12 MP: 4/4
     0 | D:1      | 0 ||| qw: Version: 0.1-a-89-g26bdef1
     0 | D:1      | 0 ||| qw: Game counter: 1474
     0 | D:1      | 0 ||| qw: Always use a shield: true
     0 | D:1      | 0 ||| qw: God list: Okawaru
     0 | D:1      | 0 ||| qw: Allow faded altars: false
     0 | D:1      | 0 ||| qw: Do Orc after D:15 true
     0 | D:1      | 0 ||| qw: Do second Lair branch before Depths: true
     0 | D:1      | 0 ||| qw: Lair rune preference: random
     0 | D:1      | 0 ||| qw: Plans: Normal
     0 | D:1      | 0 ||| PLANNING D:1-11
    39 | D:1      | 39 ||| Stepping ~*~*~tactically~*~*~ (stealth).
    41 | D:1      | 41 ||| Stepping ~*~*~tactically~*~*~ (stealth).
    43 | D:1      | 43 ||| Stepping ~*~*~tactically~*~*~ (stealth).
    44 | D:1      | 44 ||| Stepping ~*~*~tactically~*~*~ (stealth).
    46 | D:1      | 46 ||| Stepping ~*~*~tactically~*~*~ (stealth).
    89 | D:1      | 89 ||| Stepping ~*~*~tactically~*~*~ (stealth).
    92 | D:1      | 92 ||| Stepping ~*~*~tactically~*~*~ (stealth).
    95 | D:1      | Reached skill level 3 in Axes
    95 | D:1      | Reached XP level 2. HP: 15/17 MP: 6/6
   131 | D:1      | 131 ||| Stepping ~*~*~tactically~*~*~ (stealth).
   154 | D:1      | 154 ||| Stepping ~*~*~tactically~*~*~ (stealth).
   156 | D:1      | 156 ||| Stepping ~*~*~tactically~*~*~ (stealth).
   181 | D:1      | 181 ||| Stepping ~*~*~tactically~*~*~ (stealth).
   182 | D:1      | 182 ||| Stepping ~*~*~tactically~*~*~ (stealth).
   283 | D:1      | 283 ||| Stepping ~*~*~tactically~*~*~ (hiding).
   346 | D:1      | 346 ||| Stepping ~*~*~tactically~*~*~ (stealth).
   349 | D:1      | 349 ||| Stepping ~*~*~tactically~*~*~ (stealth).
   352 | D:1      | Reached XP level 3. HP: 21/21 MP: 7/7
   354 | D:1      | 354 ||| Stepping ~*~*~tactically~*~*~ (stealth).
   537 | D:1      | Reached skill level 4 in Axes
   634 | D:1      | 634 ||| Stepping ~*~*~tactically~*~*~ (stealth).
   641 | D:1      | 641 ||| Stepping ~*~*~tactically~*~*~ (stealth).
   643 | D:1      | 643 ||| Stepping ~*~*~tactically~*~*~ (stealth).
   644 | D:1      | 644 ||| Stepping ~*~*~tactically~*~*~ (stealth).
   646 | D:1      | 646 ||| Stepping ~*~*~tactically~*~*~ (stealth).
   648 | D:1      | 648 ||| Stepping ~*~*~tactically~*~*~ (stealth).
   650 | D:1      | 650 ||| Stepping ~*~*~tactically~*~*~ (stealth).
   652 | D:1      | 652 ||| Stepping ~*~*~tactically~*~*~ (stealth).
   878 | D:1      | 878 ||| Stepping ~*~*~tactically~*~*~ (stealth).
   896 | D:1      | 896 ||| Stepping ~*~*~tactically~*~*~ (stealth).
   897 | D:1      | 897 ||| Stepping ~*~*~tactically~*~*~ (stealth).
   938 | D:1      | 938 ||| UPGRADING to +6 ring of strength.
   939 | D:1      | 939 ||| READING scroll labelled BEERPH LELUMM.
   940 | D:1      | 940 ||| READING scroll labelled YFA GEFOZUXID.
   941 | D:1      | 941 ||| READING scroll labelled ZIAFIWI AGHAL.
   946 | D:1      | 946 ||| DRINKING 2 bubbling green potions.
   947 | D:1      | 947 ||| DROPPING scroll of blinking.
   948 | D:1      | 948 ||| DROPPING potion of magic.
  1038 | D:2      | 1038 ||| Stepping ~*~*~tactically~*~*~ (stealth).
  1065 | D:2      | Reached XP level 4. HP: 21/26 MP: 8/8
  1346 | D:2      | Noticed Sigmund
  1362 | D:2      | HP: 1/26 [something (6)]
  1364 | D:2      | Slain by Sigmund

Levels and vault maps discovered:
D:1:      matt_arrival_grand_opening, layout_rooms, minmay_tiny_reverse_x
D:2:      layout_basic, shapermc_ecumenical_altar_totnotflames, uniq_sigmund

Skill      XL: |  1  2  3 |
---------------+----------+-----
Axes           | 3 4 |  4.9
Fighting       | |  2.0
Throwing       | |  1.0
Armour         | |  1.1
Dodging        | |  2.1
Spellcasting   | |  2.0
Translocations | |  2.4

Action                   |  1- 3 |  4- 6 || total
-------------------------+-------+-------++-------
Melee: Hand axe          |    55 |    20 ||    75
       Peck              |     9 |       ||     9
       Kick              |    13 |     4 ||    17
       Punch             |     1 |       ||     1
Throw: Boomerang         |     3 |       ||     3
       Javelin           |    28 |     3 ||    31
  Use: Scroll            |     3 |       ||     3
       Potion            |     1 |       ||     1
Armor: Leather armour    |    11 |     8 ||    19
Dodge: Dodged            |    26 |    14 ||    40

Table legend:
 A = Non-vault XP
 B = Vault XP
 C = Vault XP percentage of total XP
 D = Non-vault monster count
 E = Vault monster count
 F = Vault count percentage of total count
                 A         B        C        D         E       F
            +---------+---------+-------+---------+---------+-------
      Total |     102 |       4 |   3.8 |      41 |       2 |   4.7
            +---------+---------+-------+---------+---------+-------
        D:1 |      58 |       4 |   6.5 |      30 |       2 |   6.2
        D:2 |      44 |       0 |   0.0 |      11 |       0 |   0.0
            +---------+---------+-------+---------+---------+-------
